 Dungeon Crawl Stone Soup version 0.17.0-19-gb37c632 (webtiles) character file.

183 Rationalist the Skirmisher (level 5, 0/42 HPs)
             Began as a Demonspawn Berserker on Nov 12, 2015.
             Was a Priest of Trog.
             Slain by a gnoll
             ... wielding a +0 spear
              (9 damage)
             ... on level 3 of the Dungeon.
             The game lasted 00:03:55 (3154 turns).

Rationalist the Skirmisher (Demonspawn Berserker)   Turns: 3154, Time: 00:03:55

Health: 0/42       AC:  4    Str: 17    XL:     5   Next: 35%
Magic:  7/14       EV: 10    Int:  9    God:    Trog [***...]
Gold:   161        SH:  0    Dex: 13    Spells: 0 memorised, 4 levels left

rFire  . . .     SeeInvis .     a - +0 hand axe
rCold  . . .     Clarity  .     b - +0 animal skin
rNeg   . . .     SustAt   .     (no shield)
rPois  .         Gourm    .     (no helmet)
rElec  .         Spirit   .     (no cloak)
rCorr  .         Warding  .     (no gloves)
rMut   .         Stasis   .     (no boots)
MR     ++...                    B - amulet of regeneration
Stlth  +.........               (no ring)
                                d - ring of magical power

@: exhausted, regenerating, slowed, constricted, very slow, very resistant to
hostile enchantments, very unstealthy
A: hooves 1, yellow scales 1, powered by death 1, rot immunity
a: Berserk, Trog's Hand, Burn Spellbooks, Renounce Religion


You were on level 3 of the Dungeon.
You worshipped Trog.
Trog was most pleased with you.
You were very hungry.

You visited 1 branch of the dungeon, and saw 3 of its levels.

You collected 161 gold pieces.

Inventory:

Hand Weapons
 a - a +0 hand axe (weapon)
Missiles
 g - 15 bolts
 i - 2 bolts of flame
 q - 2 tomahawks (quivered)
 w - 23 poisoned needles
 x - 11 sling bullets
Armour
 b - a +0 animal skin (worn)
Jewellery
 d - a ring of magical power (left hand)
 B - an amulet of regeneration (around neck)
Scrolls
 h - a scroll of random uselessness {unknown}
 k - a scroll of fog {unknown}
 n - 2 scrolls of identify {unknown}
 p - a scroll of recharging {unknown}
 y - a scroll of noise {unknown}
 z - a scroll of magic mapping {unknown}
Potions
 e - 2 potions of ambrosia {unknown}
 l - a potion of magic {unknown}
 o - 2 potions of degeneration {unknown}
 r - a potion of lignification {unknown}
 s - 3 potions of agility {unknown}
 t - a potion of mutation {unknown}
 u - a potion of poison {unknown}
 A - a potion of brilliance {unknown}
Comestibles
 c - 2 bread rations
 f - a chunk of flesh
 m - a beef jerky
 v - a meat ration


   Skills:
 + Level 3.9 Fighting
 + Level 3.5 Axes
 + Level 1.9 Armour
 + Level 3.6 Dodging
 + Level 0.6 Stealth


You had 4 spell levels left.
You didn't know any spells.

Dungeon Overview and Level Annotations

Branches:
Dungeon (3/15)

Altars:
Ashenzari


Innate Abilities, Weirdness & Mutations

You have large cloven feet.
You are partially covered in yellow scales (AC +2).
You regenerate a little health from kills.
You are immune to rotting.


Message History

You feel slightly more hungry.
The gnoll shouts!
The ball python bites you but does no damage.
The ball python constricts you.
The gnoll hits you from afar with a spear.
The gnoll barely misses you. The gnoll hits you with a whip!
* * * LOW HITPOINT WARNING * * *
The ball python bites you but does no damage.
The ball python constricts you.
Drink which item? (? for menu, Esc to quit)
You feel much better.
You feel the effects of Trog's Hand fading.
You feel less regenerative. The gnoll closely misses you.
The ball python barely misses you. The ball python constricts you.
The gnoll hits you with a whip.
The gnoll hits you from afar with a halberd!
* * * LOW HITPOINT WARNING * * *
The hobgoblin barely misses you.
The gnoll hits you from afar with a spear!
You die...

........#.# ..# .....
..#.##..#
#.....#.......#
......#.......#
......#.......#
.....ggg......#
#...gg......#
#...S@......#
..............####
................P. #
.................. #
......#....#..#### #
...........#..# #
...........#..# ..# #
.......##.##..####..+
# ....#
#.##...PP...####


You could see 4 gnolls, a hobgoblin and a ball python.

Vanquished Creatures
  The ghost of Rationalist the Skirmisher, an amateur DsBe of Trog (D:3)
  2 adders
  4 worms
  An orc (D:2)
  3 ball pythons
  8 bats
  6 giant cockroaches
  7 goblins
  13 hobgoblins
  2 quokkas
  2 giant geckos
  4 giant newts
  7 kobolds
  8 rats
68 creatures vanquished.

Notes
Turn   | Place    | Note
--------------------------------------------------------------
     0 | D:1      | Rationalist the Demonspawn Berserker began the quest for the Orb.
     0 | D:1      | Reached XP level 1. HP: 18/18 MP: 1/1
   208 | D:1      | Gained mutation: You are immune to rotting. [demonic ancestry]
   208 | D:1      | Reached XP level 2. HP: 20/24 MP: 2/2
   558 | D:1      | Reached ** piety under Trog
   950 | D:1      | Gained mutation: You are partially covered in yellow scales (AC +2). [demonic ancestry]
   950 | D:1      | Reached XP level 3. HP: 21/29 MP: 3/3
  2020 | D:2      | Gained mutation: You regenerate a little health from kills. [demonic ancestry]
  2020 | D:2      | Reached XP level 4. HP: 23/37 MP: 4/4
  2547 | D:3      | Reached *** piety under Trog
  2831 | D:3      | Found a shattered altar of Ashenzari.
  3136 | D:3      | Noticed Rationalist's ghost (amateur DsBe)
  3147 | D:3      | Killed Rationalist's ghost
  3147 | D:3      | Gained mutation: You have large cloven feet. [demonic ancestry]
  3147 | D:3      | Reached XP level 5. HP: 40/42 MP: 5/5
  3154 | D:3      | Slain by a gnoll

Action                   |  1- 3 |  4- 6 || total
-------------------------+-------+-------++-------
Melee: Hand axe          |   180 |    71 ||   251
Invok: Berserk           |     1 |     1 ||     2
       Trog's Hand       |       |     1 ||     1
  Use: Potion            |     1 |     1 ||     2
  Eat: Chunk             |     5 |     3 ||     8
